TOP OF THE 1ST |
Las Vegas Stars batting - Pitching for Redwood City Redwoods : RHP Tom Goff
|
Pitching: RHP Tom Goff
|
|
Batting: RHB Vicente Salgado
|
0-0: Ball 1-0: Ball 2-0: Ball 3-0: Called Strike 3-1: SINGLE (Groundball, 56D)
|
Batting: RHB Ron Shelton
|
0-0: Ball 1-0: Fly out, F9 (Flyball, 89D)
|
Batting: RHB Cole Bradley
|
0-0: Ball 1-0: Ball 2-0: Foul Ball, location: 2F 2-1: Ball 3-1: TRIPLE (Line Drive, 9LM) Vicente Salgado scores
|
Batting: RHB Jeremy Atkins
|
0-0: Called Strike 0-1: Foul Ball, location: 2F 0-2: Ball 1-2: Foul Ball, location: 2F 1-2: Ball 2-2: Foul Ball, location: 2F 2-2: Ball 3-2: Ground out 1-3 (Groundball, 25)
|
Batting: LHB Evan Slootweg
|
0-0: Called Strike 0-1: Ball 1-1: Ball 2-1: Ball 3-1: Base on Balls
|
Batting: LHB Eliot Helen
|
0-0: Called Strike 0-1: Ground out 3-1 (Groundball, 34S)
|
Top of the 1st over - 1 run(s), 2 hit(s), 0 error(s), 2 left on base; Las Vegas 1 - Redwood City 0 |
BOTTOM OF THE 1ST |
Redwood City Redwoods batting - Pitching for Las Vegas Stars : RHP Mike Stabler
|
Pitching: RHP Mike Stabler
|
|
Batting: RHB Dan Martin
|
0-0: Ball 1-0: Ground out 6-3 (Groundball, 6)
|
Batting: LHB Vincente Sáenz
|
0-0: Ball 1-0: Ball 2-0: Ball 3-0: Called Strike 3-1: Base on Balls
|
Batting: RHB Edgardo Gonzáles
|
0-0: Foul Ball, location: 2F 0-1: Ball 1-1: Swinging Strike 1-2: Foul Ball, location: 2F 1-2: SINGLE (Line Drive, 6M) Vincente Sáenz to second Runner from 2nd tries for 3rd, SAFE, throw made to third
|
Batting: LHB Tony Warrilow
|
0-0: Called Strike 0-1: Foul Ball, location: 2F 0-2: SINGLE (Line Drive, 4D) Vincente Sáenz scores Edgardo Gonzáles to second
|
Batting: RHB Robinson Martínez
|
0-0: Ball 1-0: Ball 2-0: SINGLE (Line Drive, 4MD) Edgardo Gonzáles to third Tony Warrilow to second Runner from 3rd tries for Home, SAFE, throw made home
|
Batting: SHB Jaime Manuel
|
0-0: Hit by Pitch Tony Warrilow to third Robinson Martínez to second
|
Batting: LHB Juan Hernández
|
0-0: Called Strike 0-1: Foul Ball, location: 2F 0-2: Strikes out swinging
|
Batting: RHB Fu Tse
|
0-0: Ball 1-0: Fly out, F8 (Flyball, 8RM)
|
Bottom of the 1st over - 2 run(s), 3 hit(s), 0 error(s), 3 left on base; Las Vegas 1 - Redwood City 2 |
TOP OF THE 2ND |
Las Vegas Stars batting - Pitching for Redwood City Redwoods : RHP Tom Goff
|
Batting: LHB Parker Marshall
|
0-0: Ball 1-0: Foul Ball, location: 2F 1-1: Fly out, F6 (Line Drive, 6)
|
Batting: SHB Santiago Farías
|
0-0: Fly out, F7 (Flyball, 78XD)
|
Batting: RHB Bill McGrath
|
0-0: Ball 1-0: Ball 2-0: Ball 3-0: Called Strike 3-1: Called Strike 3-2: Strikes out swinging
|
Top of the 2nd over - 0 run(s), 0 hit(s), 0 error(s), 0 left on base; Las Vegas 1 - Redwood City 2 |
BOTTOM OF THE 2ND |
Redwood City Redwoods batting - Pitching for Las Vegas Stars : RHP Mike Stabler
|
Batting: SHB António Trinidad
|
0-0: Ground out 6-3 (Groundball, 56)
|
Batting: RHB Dan Martin
|
0-0: Ball 1-0: Ball 2-0: Swinging Strike 2-1: Fly out, F7 (Line Drive, 7S)
|
Batting: LHB Vincente Sáenz
|
0-0: Ground out 6-3 (Groundball, 6)
|
Bottom of the 2nd over - 0 run(s), 0 hit(s), 0 error(s), 0 left on base; Las Vegas 1 - Redwood City 2 |
TOP OF THE 3RD |
Las Vegas Stars batting - Pitching for Redwood City Redwoods : RHP Tom Goff
|
Batting: RHB Vicente Salgado
|
0-0: Ball 1-0: Ball 2-0: Foul Ball, location: 2F 2-1: Swinging Strike 2-2: Ball 3-2: SINGLE (Line Drive, 78S)
|
Batting: RHB Ron Shelton
|
0-0: Ball 1-0: Called Strike 1-1: Ball 2-1: Swinging Strike 2-2: Fly out, F8 (Flyball, 89D)
|
Batting: RHB Cole Bradley
|
0-0: Called Strike 0-1: Ball 1-1: Foul Ball, location: 2F 1-2: Grounds into double play, 4-6-3 (Groundball, 4)
|
Top of the 3rd over - 0 run(s), 1 hit(s), 0 error(s), 0 left on base; Las Vegas 1 - Redwood City 2 |
BOTTOM OF THE 3RD |
Redwood City Redwoods batting - Pitching for Las Vegas Stars : RHP Mike Stabler
|
Batting: RHB Edgardo Gonzáles
|
0-0: Foul Ball, location: 2F 0-1: Ball 1-1: Fly out, F3 (Popup, 3F)
|
Batting: LHB Tony Warrilow
|
0-0: Ball 1-0: Ball 2-0: Ball 3-0: Base on Balls
|
Batting: RHB Robinson Martínez
|
0-0: SINGLE (Line Drive, 7S) Tony Warrilow to second
|
Batting: SHB Jaime Manuel
|
0-0: Foul Ball, location: 2F 0-1: Ball 1-1: Foul Ball, location: 2F 1-2: Ball 2-2: Ball 3-2: Base on Balls Tony Warrilow to third Robinson Martínez to second
|
Batting: LHB Juan Hernández
|
0-0: Called Strike 0-1: Swinging Strike 0-2: Ball 1-2: Strikes out looking
|
Batting: RHB Fu Tse
|
0-0: DOUBLE (Line Drive, 89XD) Tony Warrilow scores Robinson Martínez scores Jaime Manuel to third Runner from 3rd tries for Home, SAFE, no throw or cutoff
|
Batting: SHB António Trinidad
|
0-0: Called Strike 0-1: Foul Ball, location: 2F 0-2: Strikes out swinging
|
Bottom of the 3rd over - 3 run(s), 2 hit(s), 0 error(s), 1 left on base; Las Vegas 1 - Redwood City 5 |
TOP OF THE 4TH |
Las Vegas Stars batting - Pitching for Redwood City Redwoods : RHP Tom Goff
|
Batting: RHB Jeremy Atkins
|
0-0: Ball 1-0: Swinging Strike 1-1: Ground out 5-3 (Groundball, 56)
|
Batting: LHB Evan Slootweg
|
0-0: Ball 1-0: Ball 2-0: DOUBLE (Line Drive, 3D)
|
Batting: LHB Eliot Helen
|
0-0: Ball 1-0: Foul Ball, location: 2F 1-1: Ball 2-1: Ball 3-1: Called Strike 3-2: Foul Ball, location: 2F 3-2: Foul Ball, location: 2F 3-2: Base on Balls
|
Batting: LHB Parker Marshall
|
0-0: Ball 1-0: Grounds into double play, U6-3 (Groundball, 6M)
|
Top of the 4th over - 0 run(s), 1 hit(s), 0 error(s), 1 left on base; Las Vegas 1 - Redwood City 5 |
BOTTOM OF THE 4TH |
Redwood City Redwoods batting - Pitching for Las Vegas Stars : RHP Mike Stabler
|
Batting: RHB Dan Martin
|
0-0: Called Strike 0-1: Foul Ball, location: 2F 0-2: Ball 1-2: SINGLE (Groundball, 34D)
|
Batting: LHB Vincente Sáenz
|
0-0: Ball 1-0: Ball 2-0: Fly out, F6 (Line Drive, 56)
|
Batting: RHB Edgardo Gonzáles
|
0-0: Called Strike 0-1: Ball 1-1: Called Strike 1-2: Foul Ball, location: 2F 1-2: Foul Ball, location: 2F 1-2: 2-RUN HOME RUN (Flyball, 7D), Distance : 369 ft
|
Pitching: RHP Fred Ellis
|
|
Batting: LHB Tony Warrilow
|
0-0: Called Strike 0-1: Ball 1-1: Called Strike 1-2: Ball 2-2: Ball 3-2: Foul Ball, location: 2F 3-2: SINGLE (Groundball, 13) (infield hit)
|
Batting: RHB Robinson Martínez
|
0-0: Ball 1-0: Fly out, F9 (Flyball, 89M)
|
Batting: SHB Jaime Manuel
|
0-0: Ground out 1-3 (Groundball, 13)
|
Bottom of the 4th over - 2 run(s), 3 hit(s), 0 error(s), 1 left on base; Las Vegas 1 - Redwood City 7 |
TOP OF THE 5TH |
Las Vegas Stars batting - Pitching for Redwood City Redwoods : RHP Tom Goff
|
Batting: SHB Santiago Farías
|
0-0: Called Strike 0-1: Ball 1-1: Foul Ball, location: 2F 1-2: Ball 2-2: DOUBLE (Flyball, 8LXD)
|
Batting: RHB Bill McGrath
|
0-0: Ball 1-0: Ball 2-0: SINGLE (Groundball, 6MD) Santiago Farías to third Runner from 3rd tries for Home, SAFE, throw made home Bill McGrath to second
|
Batting: RHB Vicente Salgado
|
0-0: Called Strike 0-1: Ball 1-1: Ground out 6-3 (Groundball, 6)
|
Batting: RHB Ron Shelton
|
0-0: Foul Ball, location: 2F 0-1: Called Strike 0-2: Foul Ball, location: 2F 0-2: Foul Ball, location: 2F 0-2: Fly out, F7 (Line Drive, 7D)
|
Batting: RHB Cole Bradley
|
0-0: SINGLE (Line Drive, 7LS) Bill McGrath to third Runner from 3rd tries for Home, SAFE, throw made home
|
Batting: RHB Jeremy Atkins
|
0-0: Ball 1-0: Fly out, F7 (Flyball, 7M)
|
Top of the 5th over - 2 run(s), 3 hit(s), 0 error(s), 1 left on base; Las Vegas 3 - Redwood City 7 |
BOTTOM OF THE 5TH |
Redwood City Redwoods batting - Pitching for Las Vegas Stars : RHP Fred Ellis
|
Batting: LHB Juan Hernández
|
0-0: Ball 1-0: Called Strike 1-1: Foul Ball, location: 2F 1-2: Ball 2-2: Strikes out swinging
|
Batting: RHB Fu Tse
|
0-0: Ball 1-0: Foul Ball, location: 2F 1-1: Ball 2-1: Swinging Strike 2-2: Ball 3-2: Foul Ball, location: 2F 3-2: Base on Balls
|
Batting: SHB António Trinidad
|
0-0: Ball Fu Tse steals 2nd base 1-0: Called Strike 1-1: Ball 2-1: Ball 3-1: Called Strike 3-2: Base on Balls
|
Batting: RHB Dan Martin
|
0-0: Ball 1-0: Ball 2-0: Fly out, F9 (Flyball, 89M)
|
Batting: LHB Vincente Sáenz
|
0-0: Ball 1-0: Ball 2-0: Ball 3-0: Base on Balls Fu Tse to third António Trinidad to second
|
Batting: RHB Edgardo Gonzáles
|
0-0: Ball 1-0: Ball 2-0: Ball 3-0: Called Strike 3-1: Foul Ball, location: 2F 3-2: SINGLE (Groundball, 56D) Fu Tse scores António Trinidad to third Vincente Sáenz to second António Trinidad scores Vincente Sáenz to third
|
Batting: LHB Tony Warrilow
|
0-0: Ball 1-0: Called Strike 1-1: Foul Ball, location: 2F 1-2: SINGLE (Groundball, 15S) (infield hit) Vincente Sáenz scores Edgardo Gonzáles to second
|
Batting: RHB Robinson Martínez
|
0-0: Called Strike 0-1: Foul Ball, location: 2F 0-2: Strikes out swinging
|
Bottom of the 5th over - 3 run(s), 2 hit(s), 0 error(s), 2 left on base; Las Vegas 3 - Redwood City 10 |
TOP OF THE 6TH |
Las Vegas Stars batting - Pitching for Redwood City Redwoods : RHP Tom Goff
|
Batting: LHB Evan Slootweg
|
0-0: Ball 1-0: Ball 2-0: Ball 3-0: Base on Balls
|
Batting: LHB Eliot Helen
|
0-0: Swinging Strike 0-1: Foul Ball, location: 2F 0-2: SINGLE (Line Drive, 4M) Evan Slootweg to second
|
Batting: LHB Parker Marshall
|
0-0: Called Strike 0-1: Called Strike 0-2: Ball 1-2: Ball 2-2: 3-RUN HOME RUN (Line Drive, 9LD), Distance : 337 ft
|
Batting: SHB Santiago Farías
|
0-0: DOUBLE (Line Drive, 9D)
|
Pitching: RHP Lúcio Solano
|
|
Batting: RHB Bill McGrath
|
0-0: Ball 1-0: Ball 2-0: Fly out, F8 (Flyball, 8RS)
|
Batting: RHB Vicente Salgado
|
0-0: Ball 1-0: Ball 2-0: Ball 3-0: Base on Balls
|
Batting: RHB Ron Shelton
|
0-0: Ball 1-0: Ball 2-0: Called Strike 2-1: SINGLE (Groundball, 6MD) Santiago Farías to third Vicente Salgado to second Runner from 3rd tries for Home, SAFE, no throw or cutoff
|
Batting: RHB Cole Bradley
|
0-0: Ball 1-0: Foul Ball, location: 2F 1-1: Swinging Strike 1-2: Foul Ball, location: 2F 1-2: Ball 2-2: SINGLE (Line Drive, 9LS) Vicente Salgado to third Ron Shelton to second
|
Batting: RHB Jeremy Atkins
|
0-0: Ball 1-0: Ball 2-0: Swinging Strike 2-1: Foul Ball, location: 2F 2-2: Ball 3-2: Strikes out swinging
|
Batting: LHB Evan Slootweg
|
0-0: Called Strike 0-1: Swinging Strike 0-2: Ball 1-2: Ball 2-2: Foul Ball, location: 2F 2-2: Foul Ball, location: 2F 2-2: Strikes out swinging
|
Top of the 6th over - 4 run(s), 5 hit(s), 0 error(s), 3 left on base; Las Vegas 7 - Redwood City 10 |
BOTTOM OF THE 6TH |
Redwood City Redwoods batting - Pitching for Las Vegas Stars : RHP Fred Ellis
|
Batting: SHB Jaime Manuel
|
0-0: Swinging Strike 0-1: Ball 1-1: Ball 2-1: Called Strike 2-2: Foul Ball, location: 2F 2-2: Ground out 4-3 (Groundball, 4)
|
Pitching: RHP Young-lau Si-ma
|
|
Batting: LHB Juan Hernández
|
0-0: Ball 1-0: Foul Ball, location: 2F 1-1: Ball 2-1: Foul Ball, location: 2F 2-2: Strikes out swinging
|
Batting: RHB Fu Tse
|
0-0: Foul Ball, location: 2F 0-1: Ball 1-1: Fly out, F9 (Flyball, 89S)
|
Bottom of the 6th over - 0 run(s), 0 hit(s), 0 error(s), 0 left on base; Las Vegas 7 - Redwood City 10 |
TOP OF THE 7TH |
Las Vegas Stars batting - Pitching for Redwood City Redwoods : RHP Lúcio Solano
|
Batting: LHB Eliot Helen
|
0-0: Ground out 5-3 (Groundball, 56S)
|
Batting: LHB Parker Marshall
|
0-0: Called Strike 0-1: Ball 1-1: Foul Ball, location: 2F 1-2: Strikes out looking
|
Batting: SHB Santiago Farías
|
0-0: Foul Ball, location: 2F 0-1: Swinging Strike 0-2: Ball 1-2: Ground out 4-3 (Groundball, 4M)
|
Top of the 7th over - 0 run(s), 0 hit(s), 0 error(s), 0 left on base; Las Vegas 7 - Redwood City 10 |
TOP OF THE 8TH |
Las Vegas Stars batting - Pitching for Redwood City Redwoods : RHP Lúcio Solano
|
Pitching: RHP Jim Williams
|
|
Batting: RHB Bill McGrath
|
0-0: Ball 1-0: SINGLE (Line Drive, 7S)
|
Batting: RHB Vicente Salgado
|
0-0: Fly out, F3 (Line Drive, 3) 0-0: Lined into DP, U3 (Line Drive, 3)
|
Batting: RHB Ron Shelton
|
0-0: Ball 1-0: Foul Ball, location: 2F 1-1: Called Strike 1-2: Foul Ball, location: 2F 1-2: Strikes out swinging
|
Top of the 8th over - 0 run(s), 1 hit(s), 0 error(s), 0 left on base; Las Vegas 7 - Redwood City 11 |
BOTTOM OF THE 8TH |
Redwood City Redwoods batting - Pitching for Las Vegas Stars : RHP Young-lau Si-ma
|
Batting: LHB Juan Hernández
|
0-0: Ball 1-0: Ball 2-0: Ball 3-0: Called Strike 3-1: Base on Balls
|
Batting: RHB Fu Tse
|
0-0: Bunt - Flyout! F1
|
Pitching: RHP Cameron Rowde
|
|
Batting: SHB António Trinidad
|
0-0: Called Strike 0-1: 2-RUN HOME RUN (Flyball, 9D), Distance : 346 ft
|
Batting: RHB Dan Martin
|
0-0: Swinging Strike 0-1: Ball 1-1: Fly out, F7 (Line Drive, 78M)
|
Batting: LHB Vincente Sáenz
|
0-0: Ball 1-0: Foul Ball, location: 2F 1-1: Ball 2-1: Called Strike 2-2: Foul Ball, location: 2F 2-2: Strikes out swinging
|
Bottom of the 8th over - 2 run(s), 1 hit(s), 0 error(s), 0 left on base; Las Vegas 7 - Redwood City 13 |
TOP OF THE 9TH |
Las Vegas Stars batting - Pitching for Redwood City Redwoods : RHP Jim Williams
|
Now at 1B: Yataro Abe
|
|
Now in LF: Jon Graves
|
|
Batting: RHB Cole Bradley
|
0-0: Called Strike 0-1: Ball 1-1: Ball 2-1: Foul Ball, location: 2F 2-2: Strikes out swinging
|
Batting: RHB Jeremy Atkins
|
0-0: Foul Ball, location: 2F 0-1: Foul Ball, location: 2F 0-2: Ball 1-2: SOLO HOME RUN (Line Drive, 7D), Distance : 365 ft
|
Batting: LHB Evan Slootweg
|
0-0: Foul Ball, location: 2F 0-1: Ground out 6-3 (Groundball, 6)
|
Batting: LHB Eliot Helen
|
0-0: Foul Ball, location: 2F 0-1: Ball 1-1: Called Strike 1-2: Strikes out looking
|
Top of the 9th over - 1 run(s), 1 hit(s), 0 error(s), 0 left on base; Las Vegas 8 - Redwood City 13 |
|